 Dungeon Crawl Stone Soup version 0.24-a0-381-g637bb3806f (webtiles) character file.

Game seed: 937135403929627199

29 Inarius the Firebug (level 3, 0/30 HPs)
             Began as a Deep Elf Fire Elementalist on June 3, 2019.
             Succumbed to an adder's poison
             ... on level 2 of the Dungeon.
             The game lasted 00:02:21 (941 turns).

Inarius the Firebug (Deep Elf Fire Elementalist)     Turns: 941, Time: 00:02:22

Health: 0/30       AC: 21    Str:  5    XL:     3   Next: 1%
Magic:  4/10       EV:  2    Int: 20    God:
Gold:   65         SH:  0    Dex: 15    Spells: 3/9 levels left

rFire    . . .     SeeInvis .   d - +0 dagger
rCold    + . .     Gourm    .   (no shield)
rNeg     + + +     Faith    .   (armour currently unavailable)
rPois    +         Spirit   .   (helmet currently unavailable)
rElec    .         Reflect  .   (cloak currently unavailable)
rCorr    .         Harm     .   (gloves currently unavailable)
MR       .....     NoTele   +   (boots currently unavailable)
Stlth    ++........             (no amulet)
HPRegen  0.10/turn              k - ring of protection from cold
MPRegen  0.12/turn              (no ring)

@: lethally poisoned (0 -> -13), tree-form
A: no striking features
a: no special abilities


You were on level 2 of the Dungeon.
You were not hungry.
You were a tree.
You visited 1 branch of the dungeon, and saw 2 of its levels.

You collected 65 gold pieces.

Inventory:

Hand Weapons
 d - a +0 dagger (weapon)
Armour
 a - a +0 robe (melded)
 g - a +0 leather armour
Jewellery
 k - a ring of protection from cold (left branch)
Scrolls
 e - 2 scrolls of identify {unknown}
 f - a scroll of remove curse {unknown}
 j - a scroll of teleportation {unknown}
Potions
 i - a potion of haste {unknown}
 l - a potion of resistance {unknown}
Comestibles
 b - a chunk of flesh
 c - a ration


   Skills:
 * Level 0.5 Fighting
 - Level 0.2 Short Blades
 + Level 2.9 Dodging
 - Level 2.4 Stealth
 + Level 3.5 Spellcasting
 + Level 1.2 Conjurations
 * Level 3.7 Fire Magic


You had 3 spell levels left.
You knew the following spells:

 Your Spells              Type           Power        Failure   Level  Hunger
a - Flame Tongue          Conj/Fire      ##...        4%          1    None
b - Throw Flame           Conj/Fire      ##....       8%          2    ##.....
c - Conjure Flame         Conj/Fire      ##......     14%         3    ###....

Your spell library contained the following spells:

 Spells                   Type           Power        Failure   Level  Hunger
 Inner Flame              Hex/Fire       ##......     19%         3    ###....
 Sticky Flame             Conj/Fire      ##......     43%         4    ####...
 Fireball                 Conj/Fire      ##........   80%         5    ######.


Dungeon Overview and Level Annotations

Branches:
Dungeon (2/15)

Altars:
Cheibriados


Message History

Casting: Flame Tongue (safe; 4% risk of failure)
Confirm with . or Enter, or press ? or * to list all spells.
Aiming: Flame Tongue (safe; 4% risk of failure)
Press: ? - help, Shift-Dir - straight line, f/p - adder
Aim: an adder (moderately wounded)
The flame tongue misses the adder.
* * * LOW HITPOINT WARNING * * *
You feel sick. The adder closely misses you. The adder misses you.
Casting: Flame Tongue (safe; 4% risk of failure)
Confirm with . or Enter, or press ? or * to list all spells.
Aiming: Flame Tongue (safe; 4% risk of failure)
Press: ? - help, Shift-Dir - straight line, f/p - adder
Aim: an adder (moderately wounded)
The flame tongue misses the adder.
* * * LOW HITPOINT WARNING * * *
You feel sick. The adder bites you.
* * * LOW HITPOINT WARNING * * *
It was a potion of lignification.
You turn into a tree.
Your +0 robe melds into your body.
Your roots penetrate the ground.
You die...

### ..# #######.#
#.....#.# ###
###.###.#.# #.#
........#.#####.#####
......#<#.......#...
###.#.#.........#S#####
#.......##......♣(....#
......#.##.....##.###.#
#.#.#.#.##........#
#.#...#.###########
#.#...#.# #.......#
....##### ##....#
...<#.#


You could see an adder.

Vanquished Creatures
  A dart slug (D:1)
  3 bats
  A giant cockroach (D:1)
  A goblin (D:1)
  5 hobgoblins (D:1)
  2 jackals (D:1)
  2 kobolds
  A quokka (D:2)
  3 frilled lizards
  7 rats
26 creatures vanquished.

Notes
Turn   | Place    | Note
-------+----------+-------------------------------------------
     0 | D:1      | Inarius the Deep Elf Fire Elementalist began the quest for
                  | the Orb.
     0 | D:1      | Reached XP level 1. HP: 10/10 MP: 6/6
   230 | D:1      | Reached XP level 2. HP: 15/15 MP: 5/8
   449 | D:1      | Learned a level 2 spell: Throw Flame
   871 | D:2      | Found a snail-covered altar of Cheibriados.
   877 | D:2      | Reached XP level 3. HP: 18/20 MP: 7/10
   887 | D:2      | Learned a level 3 spell: Conjure Flame
   940 | D:2      | HP: 1/20 [adder (3)]
   941 | D:2      | Succumbed to an adder's poison

Levels and vault maps discovered:
D:1:      evilmike_arrival_fibonacci_small, layout_basic
D:2:      minmay_wonky_spiral, layout_basic, lemuel_round_altar

Action                   || total
-------------------------++-------
Melee: Dagger            ||     8
 Cast: Flame Tongue      ||    46
       Throw Flame       ||     1
  Use: Potion            ||     1
Armor: Robe              ||     4
Dodge: Dodged            ||    21

Table legend:
 A = Non-vault XP
 B = Vault XP
 C = Vault XP percentage of total XP
 D = Non-vault monster count
 E = Vault monster count
 F = Vault count percentage of total count
                 A         B        C        D         E       F
            +---------+---------+-------+---------+---------+-------
      Total |      42 |       0 |   0.0 |      26 |       0 |   0.0
            +---------+---------+-------+---------+---------+-------
        D:1 |      35 |       0 |   0.0 |      21 |       0 |   0.0
        D:2 |       7 |       0 |   0.0 |       5 |       0 |   0.0
            +---------+---------+-------+---------+---------+-------
